 Dungeon Crawl Stone Soup version 0.26-a0-854-gdc81c2f471 (webtiles) character file.

Game seed: 8451360140470168809

16 dickylongcocking the Magician (level 2, 0/19 HPs)
             Began as a Human Wanderer on Nov 23, 2020.
             Succumbed to an adder's poison
             ... on level 2 of the Dungeon.
             The game lasted 00:01:47 (1198 turns).

dickylongcocking the Magician (Human Wanderer)      Turns: 1198, Time: 00:01:47

Health: 0/19       AC:  3    Str: 20    XL:     2   Next: 75%
Magic:  1/7        EV: 27    Int: 12    God:
Gold:   40         SH:  0    Dex: 13    Spells: 8/9 levels left

rFire    + . .     SeeInvis .   a - +0 club
rCold    x . .     Faith    .   (no shield)
rNeg     . . .     Spirit   .   d - +0 robe
rPois    .         Reflect  .   e - +1 hat {Int+3}
rElec    .         Harm     .   (no cloak)
rCorr    .         Rampage  .   (no gloves)
MR       .....                  (no boots)
Stlth    +.........             f - amulet of the acrobat
HPRegen  0.06/turn              b - ring of fire
MPRegen  0.10/turn              l - +6 ring of strength

@: lethally poisoned (0 -> -12), acrobat, flying
A: no striking features
a: no special abilities


You were on level 2 of the Dungeon.
You visited 1 branch of the dungeon, and saw 2 of its levels.

You collected 40 gold pieces.

Inventory:

Hand Weapons
 a - a +0 club (weapon)
Armour
 d - a +0 robe (worn)
 e - a +1 hat of intelligence (worn)
Jewellery
 b - a ring of fire (left hand)
 f - an amulet of the acrobat (around neck)
 g - an uncursed ring of poison resistance
 l - a +6 ring of strength (right hand)
Scrolls
 c - 4 scrolls of identify
 h - 2 scrolls of amnesia
 j - a scroll of enchant weapon {unknown}


   Skills:
 - Level 1.0 Dodging
 - Level 1.0 Shields
 - Level 4.1 Spellcasting
 - Level 1.0 Necromancy
 * Level 3.4 Fire Magic
 - Level 1.0 Evocations


You had 8 spell levels left.
You knew the following spells:

 Your Spells              Type           Power        Failure   Level
a - Foxfire               Conj/Fire      #...         11%         1

Your spell library contained the following spells:

 Spells                   Type           Power        Failure   Level
 Apportation              Tloc           #.....       22%         1
 Sublimation of Blood     Necr           #.........   22%         2
 Corpse Rot               Necr/Air       N/A          26%         2
 Conjure Flame            Conj/Fire      #.......     32%         3
 Inner Flame              Hex/Fire       #.......     32%         3
 Portal Projectile        Hex/Tloc       #.....       54%         3
 Sticky Flame             Conj/Fire      #.......     71%         4
 Fireball                 Conj/Fire      #.........   96%         5


Dungeon Overview and Level Annotations

Branches:
Dungeon (2/15)

Altars:
Dithmenos
Ru


Message History

You aren't carrying any items that you can evoke.
Unknown command.
You aren't carrying any potions.
Unknown command.
As you read the scroll labelled ZEOLUL KOI, it crumbles to dust.
It is a scroll of amnesia.
Really abort (and waste the scroll)? [Y]es or [N]o only, please.
Really abort (and waste the scroll)?
Okay, then.
* * * LOW HITPOINT WARNING * * *
You feel sick. The adder bites you.
* * * LOW HITPOINT WARNING * * *
You are more poisoned.
The adder poisons you!
Unknown command.
Unknown command.
You aren't carrying any potions.
Unknown command.
You die...

#.# #.# #.####.###
#######........###
........####.#....
#.########.# #.####.
.....# #.# #.# #.
#.##.# #.# #.# #.
#.##.##.#####.## #.#
#.
#.......@...#...###.#
#.
#..##.##.##..###.##.#
#. ####..##?##S##†##
##.#.# #.
............##.#
#...# #.
#.###.########.##
##(### # ##.###.##
##...########.
##...........
############


You could see an adder.

Vanquished Creatures
  2 giant cockroaches (D:1)
  A hobgoblin (D:1)
  2 jackals (D:2)
  A bat (D:1)
  2 frilled lizards (D:1)
  4 goblins
  3 kobolds (D:1)
  A rat (D:2)
16 creatures vanquished.

Vanquished Creatures (others)
  27 foxfires
27 creatures vanquished.

Grand Total: 43 creatures vanquished

Notes
Turn   | Place    | Note
-------+----------+-------------------------------------------
     0 | D:1      | dickylongcocking the Human Wanderer began the quest for the
                  | Orb.
     0 | D:1      | dickylongcocking set off with the following items: a +0
                  | club, a +0 robe; and the following spells available to
                  | memorise: Foxfire, Apportation, Sublimation of Blood,
                  | Corpse Rot, Conjure Flame, Inner Flame, Portal Projectile,
                  | Sticky Flame, Fireball
     0 | D:1      | Reached XP level 1. HP: 13/13 MP: 5/5
   120 | D:1      | Learned a level 1 spell: Foxfire
   498 | D:1      | Reached skill level 1 in Dodging
   498 | D:1      | Reached XP level 2. HP: 19/19 MP: 4/7
  1068 | D:2      | Found a sacrificial altar of Ru.
  1070 | D:2      | Found a shadowy altar of Dithmenos.
  1198 | D:2      | Succumbed to an adder's poison

Illustrated notes

Levels and vault maps discovered:
D:1:      dpeg_arrival_simpleton_a, layout_loops_ring, feat_on_display
D:2:      layout_loops_ring, amethyst_overflow_temple_binary,
          grunt_temple_overflow_open, uniq_terence

Skill      XL: |  1 |
---------------+----+-----
Dodging        | 1 |  1.0
Shields        | |  1.0
Spellcasting   | |  4.1
Necromancy     | |  1.0
Fire Magic     | |  3.4
Evocations     | |  1.0

Action                   || total
-------------------------++-------
Melee: Club              ||    25
 Cast: Foxfire           ||    29
  Use: Scroll            ||     3
       Potion            ||     2
 Stab: Sleeping          ||     1
Armor: Robe              ||    14
Dodge: Dodged            ||    24

Table legend: (Time is in decaauts)
 A = Elapsed time spent in this place.
 B = Non-inter-level travel time spent in this place.
 C = Inter-level travel time spent in this place.
 D = Time resting spent in this place.
 E = Time spent auto-exploring this place.
 F = Levels seen in this place.
 G = Mean time per level.
                   A        B        C        D        E       F      G
               +--------+--------+--------+--------+--------+-----+--------+
         Total |   1203 |   1166 |     37 |      0 |    998 |   2 |  601.5 |
       Dungeon |   1203 |   1166 |     37 |      0 |    998 |   2 |  601.5 |
               +--------+--------+--------+--------+--------+-----+--------+

Top non-repeatable levels by time:
     D:1: 1011 daAuts
     D:2: 192 daAuts
